TOP OF THE 1ST |
Palm Beach Cardinals batting - Pitching for Lancaster JetHawks : RHP David Sanchez
|
Pitching: RHP David Sanchez
|
|
Batting: RHB Juan Carrillo
|
0-0: Swinging Strike 0-1: SINGLE (Groundball, 56D, EV 104.4 MPH) (infield hit)
|
Batting: LHB Ken Morehead
|
0-0: Fly out, F8 (Flyball, 8LXD, EV 90.6 MPH)
|
Batting: RHB Pablo Nunez
|
0-0: Ball Juan Carrillo steals 2nd base 1-0: Ball Juan Carrillo steals 3rd base 2-0: DOUBLE (Line Drive, 7LM, EV 106.2 MPH) Juan Carrillo scores
|
Batting: LHB Ignacio Ocampo
|
0-0: Ball 1-0: Foul Ball, location: 2F 1-1: Foul Ball, location: 2F 1-2: Ball 2-2: Foul Ball, location: 2F 2-2: Foul Ball, location: 2F 2-2: Ball 3-2: Base on Balls
|
Batting: RHB Nelson Salamanca
|
0-0: Foul Ball, location: 2F 0-1: Fly out, F3 (Popup, 34S, EV 71.9 MPH)
|
Batting: SHB Bobby Mercado
|
0-0: Foul Ball, location: 2F 0-1: Ball 1-1: Ball 2-1: Swinging Strike 2-2: Foul Ball, location: 2F 2-2: Ball 3-2: Hit by Pitch Pablo Nunez to third Ignacio Ocampo to second
|
Batting: RHB Jonathan Winkler
|
0-0: Foul Ball, location: 2F 0-1: Swinging Strike 0-2: Foul Ball, location: 2F 0-2: Strikes out swinging
|
Top of the 1st over - 1 run, 2 hits, 0 errors, 3 left on base; Palm Beach 1 - Lancaster 0 |
BOTTOM OF THE 1ST |
Lancaster JetHawks batting - Pitching for Palm Beach Cardinals : RHP Mario Machado
|
Pitching: RHP Mario Machado
|
|
Batting: RHB Bill Borden
|
0-0: Ball 1-0: Fly out, F8 (Flyball, 8LXD, EV 102.5 MPH)
|
Batting: RHB Josh Reisner
|
0-0: Ball 1-0: Called Strike 1-1: Swinging Strike 1-2: Foul Ball, location: 2F 1-2: Strikes out looking
|
Batting: LHB Wade Girard
|
0-0: SINGLE (Line Drive, 8LS, EV 91.2 MPH)
|
Batting: LHB Vecdi Hodensack
|
0-0: Called Strike 0-1: Foul Ball, location: 2F 0-2: Foul Ball, location: 2F 0-2: Strikes out looking
|
Bottom of the 1st over - 0 runs, 1 hit, 0 errors, 1 left on base; Palm Beach 1 - Lancaster 0 |
TOP OF THE 2ND |
Palm Beach Cardinals batting - Pitching for Lancaster JetHawks : RHP David Sanchez
|
Batting: RHB Mario Carbajal
|
0-0: Ball 1-0: DOUBLE (Line Drive, 89D, EV 106.9 MPH)
|
Batting: LHB Rafael Banda
|
0-0: Called Strike 0-1: Called Strike 0-2: Foul Ball, location: 2F 0-2: Strikes out swinging
|
Batting: RHB Juan Carrillo
|
0-0: Swinging Strike 0-1: Called Strike 0-2: Ball 1-2: 2-RUN HOME RUN (Flyball, 78XD, EV 108.8 MPH), Distance : 431 ft
|
Batting: LHB Ken Morehead
|
0-0: Ball 1-0: Foul Ball, location: 2F 1-1: Swinging Strike 1-2: Foul Ball, location: 2F 1-2: Foul Ball, location: 2F 1-2: Ball 2-2: Ball 3-2: SOLO HOME RUN (Flyball, 9LD, EV 100.6 MPH), Distance : 395 ft
|
Batting: RHB Pablo Nunez
|
0-0: SINGLE (Line Drive, 7S, EV 96.2 MPH)
|
Batting: LHB Ignacio Ocampo
|
0-0: Called Strike 0-1: Ball 1-1: Ball 2-1: SINGLE (Line Drive, 89S, EV 105.6 MPH) Pablo Nunez to second
|
Batting: RHB Nelson Salamanca
|
0-0: Ball 1-0: Called Strike 1-1: Ball 2-1: Swinging Strike 2-2: Strikes out swinging
|
Batting: SHB Bobby Mercado
|
0-0: Ground out 4-3 (Groundball, 34, EV 101.9 MPH)
|
Top of the 2nd over - 3 runs, 5 hits, 0 errors, 2 left on base; Palm Beach 4 - Lancaster 0 |
BOTTOM OF THE 2ND |
Lancaster JetHawks batting - Pitching for Palm Beach Cardinals : RHP Mario Machado
|
Batting: LHB Bert Middleton
|
0-0: Foul Ball, location: 2F 0-1: Ball 1-1: Ball 2-1: Foul Ball, location: 2F 2-2: Ball 3-2: Strikes out swinging
|
Batting: RHB Jamie Walker
|
0-0: Swinging Strike 0-1: Fly out, F7 (Line Drive, 7, EV 109.4 MPH)
|
Batting: RHB Fernando Acosta
|
0-0: Called Strike 0-1: Ball 1-1: Called Strike 1-2: Ball 2-2: Strikes out swinging
|
Bottom of the 2nd over - 0 runs, 0 hits, 0 errors, 0 left on base; Palm Beach 4 - Lancaster 0 |
TOP OF THE 3RD |
Palm Beach Cardinals batting - Pitching for Lancaster JetHawks : RHP David Sanchez
|
Batting: RHB Jonathan Winkler
|
0-0: Ball 1-0: Ball 2-0: Called Strike 2-1: Called Strike 2-2: Ball 3-2: Base on Balls
|
Batting: RHB Mario Carbajal
|
0-0: SINGLE (Groundball, 6D, EV 103.8 MPH) Jonathan Winkler to second
|
Batting: LHB Rafael Banda
|
0-0: Ball 1-0: Ball 2-0: Ball 3-0: Called Strike 3-1: Fly out, F7 (Flyball, 7, EV 90.6 MPH)
|
Batting: RHB Juan Carrillo
|
0-0: Ball 1-0: Ball 2-0: Called Strike 2-1: Ball 3-1: Foul Ball, location: 2F 3-2: Strikes out swinging
|
Batting: LHB Ken Morehead
|
0-0: Called Strike 0-1: Foul Ball, location: 2F 0-2: SINGLE (Line Drive, 8LS, EV 93.8 MPH) Jonathan Winkler to third Mario Carbajal to second Runner from 3rd tries for Home, throw by CF and OUT! 8-2
|
Top of the 3rd over - 0 runs, 2 hits, 0 errors, 2 left on base; Palm Beach 4 - Lancaster 0 |
BOTTOM OF THE 3RD |
Lancaster JetHawks batting - Pitching for Palm Beach Cardinals : RHP Mario Machado
|
Batting: RHB Kenny Beall
|
0-0: Called Strike 0-1: Called Strike 0-2: Ball 1-2: Foul Ball, location: 2F 1-2: Strikes out swinging
|
Batting: LHB Casper Significant
|
0-0: Ball 1-0: Ball 2-0: Foul Ball, location: 2F 2-1: Foul Ball, location: 2F 2-2: Ball 3-2: Fly out, F9 (Flyball, 89M, EV 93.8 MPH)
|
Batting: RHB Bill Borden
|
0-0: Ball 1-0: Called Strike 1-1: Ball 2-1: Foul Ball, location: 2F 2-2: Strikes out swinging
|
Bottom of the 3rd over - 0 runs, 0 hits, 0 errors, 0 left on base; Palm Beach 4 - Lancaster 0 |
TOP OF THE 4TH |
Palm Beach Cardinals batting - Pitching for Lancaster JetHawks : RHP David Sanchez
|
Batting: RHB Pablo Nunez
|
0-0: Called Strike 0-1: Ball 1-1: Ball 2-1: SINGLE (Flyball, 8RS, EV 90.0 MPH)
|
Pitching: RHP Tim Evans
|
|
Batting: LHB Ignacio Ocampo
|
0-0: Called Strike 0-1: Ball 1-1: Foul Ball, location: 2F 1-2: Ball 2-2: Strikes out looking
|
Batting: RHB Nelson Salamanca
|
0-0: Ball Wild Pitch! Pablo Nunez to second 1-0: Ball 2-0: Ball Wild Pitch! Pablo Nunez to third 3-0: Called Strike 3-1: Foul Ball, location: 2F 3-2: Base on Balls
|
Batting: SHB Bobby Mercado
|
0-0: Ball 1-0: Swinging Strike 1-1: Ball 2-1: Foul Ball, location: 2F 2-2: Strikes out swinging
|
Batting: RHB Jonathan Winkler
|
0-0: Ball 1-0: Called Strike 1-1: Ball 2-1: Fly out, F9 (Flyball, 9S, EV 88.8 MPH)
|
Top of the 4th over - 0 runs, 1 hit, 0 errors, 2 left on base; Palm Beach 4 - Lancaster 0 |
BOTTOM OF THE 4TH |
Lancaster JetHawks batting - Pitching for Palm Beach Cardinals : RHP Mario Machado
|
Batting: RHB Josh Reisner
|
0-0: Ball 1-0: Foul Ball, location: 2F 1-1: Ball 2-1: Foul Ball, location: 2F 2-2: Strikes out looking
|
Batting: LHB Wade Girard
|
0-0: Ball 1-0: Foul Ball, location: 2F 1-1: Ball 2-1: Ball 3-1: Called Strike 3-2: Strikes out swinging
|
Batting: LHB Vecdi Hodensack
|
0-0: Foul Ball, location: 2F 0-1: Ball 1-1: Ground out 6-3 (Groundball, 6M, EV 103.8 MPH)
|
Bottom of the 4th over - 0 runs, 0 hits, 0 errors, 0 left on base; Palm Beach 4 - Lancaster 0 |
TOP OF THE 5TH |
Palm Beach Cardinals batting - Pitching for Lancaster JetHawks : RHP Tim Evans
|
Batting: RHB Mario Carbajal
|
0-0: Called Strike 0-1: Ground out 3-1 (Groundball, 34, EV 80.6 MPH)
|
Batting: LHB Rafael Banda
|
0-0: Hit by Pitch
|
Batting: RHB Juan Carrillo
|
0-0: Ball 1-0: Grounds into double play, 4-6-3 (Groundball, 4, EV 97.5 MPH)
|
Top of the 5th over - 0 runs, 0 hits, 0 errors, 0 left on base; Palm Beach 4 - Lancaster 0 |
BOTTOM OF THE 5TH |
Lancaster JetHawks batting - Pitching for Palm Beach Cardinals : RHP Mario Machado
|
Batting: LHB Bert Middleton
|
0-0: Called Strike 0-1: Ball 1-1: Ball 2-1: Foul Ball, location: 2F 2-2: Foul Ball, location: 2F 2-2: Strikes out swinging
|
Batting: RHB Jamie Walker
|
0-0: SINGLE (Flyball, 34D, EV 85.0 MPH)
|
Batting: RHB Fernando Acosta
|
0-0: Ball 1-0: Ball 2-0: Called Strike 2-1: Foul Ball, location: 2F 2-2: Strikes out swinging
|
Batting: RHB Kenny Beall
|
0-0: Called Strike 0-1: Ball 1-1: SINGLE (Flyball, 8RS, EV 86.9 MPH) Jamie Walker to second Runner from 2nd tries for 3rd, SAFE, throw by CF made to third
|
Batting: LHB Casper Significant
|
0-0: Called Strike 0-1: Ball 1-1: Swinging Strike 1-2: Strikes out swinging
|
Bottom of the 5th over - 0 runs, 2 hits, 0 errors, 2 left on base; Palm Beach 4 - Lancaster 0 |
TOP OF THE 6TH |
Palm Beach Cardinals batting - Pitching for Lancaster JetHawks : RHP Tim Evans
|
Batting: LHB Ken Morehead
|
0-0: Ball 1-0: Ball 2-0: Ball 3-0: Base on Balls
|
Batting: RHB Pablo Nunez
|
0-0: Called Strike 0-1: Ball 1-1: 2-RUN HOME RUN (Flyball, 89XD, EV 105.0 MPH), Distance : 432 ft
|
Batting: LHB Ignacio Ocampo
|
0-0: Called Strike 0-1: Foul Ball, location: 2F 0-2: Fly out, F2 (Popup, 25F, EV 86.9 MPH)
|
Batting: RHB Nelson Salamanca
|
0-0: Ball 1-0: Swinging Strike 1-1: Ball 2-1: Ball 3-1: Foul Ball, location: 2F 3-2: Strikes out swinging
|
Batting: SHB Bobby Mercado
|
0-0: Hit by Pitch
|
Batting: RHB Jonathan Winkler
|
0-0: Ball 1-0: Swinging Strike 1-1: Called Strike 1-2: Strikes out swinging
|
Top of the 6th over - 2 runs, 1 hit, 0 errors, 1 left on base; Palm Beach 6 - Lancaster 0 |
BOTTOM OF THE 6TH |
Lancaster JetHawks batting - Pitching for Palm Beach Cardinals : RHP Mario Machado
|
Batting: RHB Bill Borden
|
0-0: Ground out 5-3 (Groundball, 56, EV 88.1 MPH)
|
Batting: RHB Josh Reisner
|
0-0: Called Strike 0-1: Swinging Strike 0-2: Foul Ball, location: 2F 0-2: Strikes out swinging
|
Batting: LHB Wade Girard
|
0-0: Ball 1-0: Ball 2-0: Ball 3-0: Called Strike 3-1: Foul Ball, location: 2F 3-2: Base on Balls
|
Pitching: RHP Jae-hong Kym
|
|
Batting: LHB Vecdi Hodensack
|
0-0: Ball 1-0: Fly out, F8 (Flyball, 89M, EV 90.0 MPH)
|
Bottom of the 6th over - 0 runs, 0 hits, 0 errors, 1 left on base; Palm Beach 6 - Lancaster 0 |
TOP OF THE 7TH |
Palm Beach Cardinals batting - Pitching for Lancaster JetHawks : RHP Tim Evans
|
Batting: RHB Mario Carbajal
|
0-0: Ball 1-0: Swinging Strike 1-1: Ball 2-1: Foul Ball, location: 2F 2-2: SINGLE (Groundball, 6MD, EV 95.0 MPH)
|
Pitching: RHP Ernie Bell
|
|
Batting: LHB Rafael Banda
|
0-0: Ball 1-0: Called Strike Mario Carbajal steals 2nd base 1-1: Fly out, F9 (Line Drive, 89M, EV 105.0 MPH)
|
Batting: RHB Juan Carrillo
|
0-0: Ball 1-0: Called Strike 1-1: Swinging Strike 1-2: Ball 2-2: Ground out 4-3 (Groundball, 4, EV 86.9 MPH) Mario Carbajal to third
|
Batting: LHB Ken Morehead
|
0-0: Ball 1-0: Swinging Strike 1-1: Called Strike 1-2: Ball 2-2: Strikes out swinging
|
Top of the 7th over - 0 runs, 1 hit, 0 errors, 1 left on base; Palm Beach 6 - Lancaster 0 |
BOTTOM OF THE 7TH |
Lancaster JetHawks batting - Pitching for Palm Beach Cardinals : RHP Jae-hong Kym
|
Batting: LHB Bert Middleton
|
0-0: Reached on error, E1 (Groundball, 15, EV 67.5 MPH)
|
Batting: RHB Jamie Walker
|
0-0: Called Strike 0-1: Called Strike 0-2: Foul Ball, location: 2F 0-2: Ball 1-2: Strikes out swinging
|
Batting: RHB Fernando Acosta
|
0-0: Foul Ball, location: 2F 0-1: Foul Ball, location: 2F 0-2: Ball 1-2: Strikes out looking
|
Batting: RHB Kenny Beall
|
0-0: Called Strike 0-1: Called Strike 0-2: Ball 1-2: Ball 2-2: Foul Ball, location: 2F 2-2: Foul Ball, location: 2F 2-2: Ball 3-2: Foul Ball, location: 2F 3-2: Foul Ball, location: 2F 3-2: 2-RUN HOME RUN (Flyball, 78XD, EV 108.8 MPH), Distance : 429 ft
|
Batting: LHB Casper Significant
|
0-0: Swinging Strike 0-1: Ground out 1-3 (Groundball, 13S, EV 65.6 MPH)
|
Bottom of the 7th over - 2 runs, 1 hit, 1 error, 0 left on base; Palm Beach 6 - Lancaster 2 |
TOP OF THE 8TH |
Palm Beach Cardinals batting - Pitching for Lancaster JetHawks : RHP Ernie Bell
|
Batting: RHB Pablo Nunez
|
0-0: Ball 1-0: Called Strike 1-1: Foul Ball, location: 2F 1-2: Ball 2-2: Ball 3-2: Base on Balls
|
Batting: LHB Ignacio Ocampo
|
0-0: Ball 1-0: Foul Ball, location: 2F 1-1: Ball 2-1: Foul Ball, location: 2F 2-2: Ball 3-2: Strikes out looking
|
Batting: RHB Nelson Salamanca
|
0-0: Ball 1-0: Called Strike 1-1: Called Strike 1-2: Grounds into double play, 5-4-3 (Groundball, 5, EV 80.6 MPH)
|
Top of the 8th over - 0 runs, 0 hits, 0 errors, 0 left on base; Palm Beach 6 - Lancaster 2 |
BOTTOM OF THE 8TH |
Lancaster JetHawks batting - Pitching for Palm Beach Cardinals : RHP Jae-hong Kym
|
Pinch Hitting: RHB Russ Greer
|
0-0: Foul Ball, location: 2F 0-1: Foul Ball, location: 2F 0-2: Strikes out swinging
|
Pinch Hitting: RHB Hugo Priego
|
0-0: Ball 1-0: Called Strike 1-1: Ball 2-1: Ball 3-1: Fly out, F8 (Flyball, 8RD, EV 85.6 MPH)
|
Batting: LHB Wade Girard
|
0-0: Foul Ball, location: 2F 0-1: Ball 1-1: Ground out 5-3 (Groundball, 56, EV 87.5 MPH)
|
Bottom of the 8th over - 0 runs, 0 hits, 0 errors, 0 left on base; Palm Beach 6 - Lancaster 2 |
TOP OF THE 9TH |
Palm Beach Cardinals batting - Pitching for Lancaster JetHawks : RHP Ernie Bell
|
Now at 1B: Keith Goodwin
|
|
Now in LF: Ryan Fridley
|
|
Batting: SHB Bobby Mercado
|
0-0: Called Strike 0-1: Ball 1-1: Swinging Strike 1-2: Ball 2-2: Strikes out looking
|
Batting: RHB Jonathan Winkler
|
0-0: SINGLE (Line Drive, 3L, EV 105.6 MPH)
|
Pitching: LHP Jason Mitchell
|
|
Batting: RHB Mario Carbajal
|
0-0: Called Strike 0-1: Ball 1-1: Ground out 4-3 (Groundball, 4MS, EV 65.6 MPH) Jonathan Winkler to second
|
Pinch Hitting: RHB Ben Politi
|
0-0: Called Strike 0-1: Swinging Strike 0-2: Strikes out swinging
|
Top of the 9th over - 0 runs, 1 hit, 0 errors, 1 left on base; Palm Beach 6 - Lancaster 2 |
BOTTOM OF THE 9TH |
Lancaster JetHawks batting - Pitching for Palm Beach Cardinals : RHP Jae-hong Kym
|
Now in RF: Ben Politi
|
|
Batting: LHB Vecdi Hodensack
|
0-0: Foul Ball, location: 2F 0-1: Ball 1-1: Called Strike 1-2: Ground out 6-3 (Groundball, 6, EV 90.0 MPH)
|
Batting: LHB Bert Middleton
|
0-0: Ball 1-0: Called Strike 1-1: Ground out 6-3 (Groundball, 6M, EV 108.1 MPH)
|
Pinch Hitting: RHB John Moore
|
0-0: Ball 1-0: Ball 2-0: Ball 3-0: Base on Balls
|
Pinch Hitting: RHB Roger Pelley
|
0-0: Ball 1-0: Ball 2-0: Foul Ball, location: 2F 2-1: Ball 3-1: Base on Balls John Moore to second
|
Pitching: RHP Pabiyan Vetlitsky
|
|
Pinch Hitting: LHB Guadalupe Gonzalez
|
0-0: Called Strike 0-1: Swinging Strike 0-2: Ball 1-2: Ball 2-2: Strikes out swinging
|
Bottom of the 9th over - 0 runs, 0 hits, 0 errors, 2 left on base; Palm Beach 6 - Lancaster 2 |
|